 Dungeon Crawl Stone Soup version 0.29-a0-11-ga75d3d97ab (webtiles) character file.

Game seed: 6571256273705395785

147 robertstho the Magician (level 5, -5/37 HPs)
             Began as a Djinni Fire Elementalist on Jan 28, 2022.
             Slain by an ice beast (7 damage)
             ... on level 5 of the Dungeon.
             The game lasted 00:02:56 (3090 turns).

robertstho the Magician (Djinni Fire Elementalist)  Turns: 3090, Time: 00:02:57

Health: -5/37      AC:  4    Str:  7    XL:     5   Next: 54%
Gold:   74         EV: 12    Int: 18    God:
                   SH:  0    Dex: 14

rFire   + + .      SeeInvis .   k - +1 dagger (venom)
rCold   x . .      Faith    .   (no shield)
rNeg    . . .      Spirit   .   a - +0 robe
rPois   ∞          Reflect  .   l - +0 helmet
rElec   .          Harm     .   m - +0 cloak {Will+}
rCorr   .          Rampage  .   (no gloves)
Will    +....                   (boots unavailable)
Stlth   ++........              g - amulet of the acrobat
HPRegen 0.12/turn               h - ring of wizardry
MPRegen 0.00/turn               (no ring)

@: flying
A: sickness immunity, fire resistance 2, cold vulnerability 1, float, innate
caster, hp casting, extra vitality 1
a: no special abilities


You were on level 5 of the Dungeon.
You visited 1 branch of the dungeon, and saw 4 of its levels.

You collected 74 gold pieces.

Inventory:

Hand Weapons
 f - a +3 dagger
 k - a +1 dagger of venom (weapon)
Missiles
 i - 43 stones
Armour
 a - a +0 robe (worn)
 l - a +0 helmet (worn)
 m - a +0 cloak of willpower (worn)
Jewellery
 g - an amulet of the acrobat (around neck)
 h - a ring of wizardry (left hand)
Scrolls
 c - 2 scrolls of fear {unknown}
 d - a scroll of vulnerability {unknown}
 e - a scroll of magic mapping {unknown}
 j - a scroll of amnesia {unknown}
Potions
 b - a potion of degeneration {unknown}


   Skills:
 * Level 1.4 Fighting
 + Level 2.2 Dodging
 + Level 2.0 Stealth
 * Level 4.1 Spellcasting


You couldn't memorise any spells.
You knew the following spells:

 Your Spells              Type           Power      Damage    Failure   Level
a - Foxfire               Conj/Fire      72%        2x1d7     1%          1
b - Scorch                Fire           36%        2d6       1%          2
c - Conjure Flame         Conj/Fire      18%        6-21      3%          3
d - Inner Flame           Hex/Fire       18%        N/A       3%          3
e - Flame Wave            Conj/Fire      18%        2d6       11%         4
f - Sandblast             Erth           36%        2d10      1%          1
g - Blink                 Tloc           36%        N/A       1%          2
Your spell library was empty.

Dungeon Overview and Level Annotations

Branches:
Dungeon (3/15)

Altars:

Shops:
D:5 *

Portals:
Ossuary: D:5


Innate Abilities, Weirdness & Mutations

You are immune to sickness and miasma.
You are immune to poison.
Your flesh is very heat resistant. (rF++)
You are vulnerable to cold. (rC-)
You float through the air rather than walking.
You learn spells naturally, not from books.
Your magical power is your life essence.
You have superior vitality. (+4 MHP)


Message History

An orc comes into view. It is wielding a +0 club.
A sourceless malevolence fills the Dungeon...
You are sucked into a shaft and drop 2 floors!
The shaft crumbles and collapses.
You hear the hiss of flowing sand.
There is an entrance to an ossuary on this level.
Hurry and find it before the portal is buried!
Found an amethyst potion.
Found a sand-covered staircase.
Found a stone staircase leading up.
An ice beast comes into view.
Found Xicredust's Lightly-Used Armoury.
There is a sand-covered staircase here.
Casting: Scorch (safe; 1% risk of failure)
Confirm with . or Enter, or press ? or * to list all spells.
Flames lash the ice beast.
The ice beast melts!
The ice beast is moderately wounded.
The ice beast's fire resistance burns away.
You hear a shout!
An orc comes into view. It is wielding a +0 hand axe.
Casting: Scorch (safe; 1% risk of failure)
Confirm with . or Enter, or press ? or * to list all spells.
Flames lash the ice beast.
The ice beast is moderately wounded.
The ice beast misses you.
Casting: Scorch (safe; 1% risk of failure)
Confirm with . or Enter, or press ? or * to list all spells.
Flames lash the ice beast.
The ice beast melts!
The ice beast is severely wounded.
The ice beast hits you. The ice beast freezes you!!
You feel a terrible chill!
Ouch! That really hurt!
* * * LOW HITPOINT WARNING * * *
Casting: Scorch (safe; 1% risk of failure)
Confirm with . or Enter, or press ? or * to list all spells.
Flames lash the ice beast.
The ice beast melts!
The ice beast is almost dead.
* * * LOW HITPOINT WARNING * * *
The ice beast hits you.
* * * LOW HITPOINT WARNING * * *
The ice beast freezes you!
You feel a terrible chill!
You die...

........#........
........#........
........#..###...
......#+#..# ..
...........###.
................
...!.##.#.......
.................
##.....@Y...o....
#...............
.....#..#..<.....
................
...............
...............
..........∩....
..............


You could see an ice beast (combustible) and an orc.

Vanquished Creatures
  Crazy Yiuf (D:2)
  Robin (D:2)
  3 adders (D:2)
  2 gnolls (D:1)
  2 worms (D:2)
  2 dart slugs
  3 ball pythons (D:1)
  A bat (D:1)
  4 endoplasms
  A giant cockroach (D:1)
  7 hobgoblins
  2 quokkas
  2 frilled lizards
  10 goblins
  6 kobolds
  5 rats
52 creatures vanquished.

Vanquished Creatures (others)
  136 foxfires
136 creatures vanquished.

Grand Total: 188 creatures vanquished

Notes
Turn   | Place    | Note
-------+----------+-------------------------------------------
     0 | D:1      | robertstho the Djinni Fire Elementalist began the quest for
                  | the Orb.
     0 | D:1      | Reached XP level 1. HP: 15/15 MP: 0/0
   427 | D:1      | Reached XP level 2. HP: 15/21 MP: 0/0
   925 | D:1      | Reached skill level 3 in Spellcasting
   925 | D:1      | Reached XP level 3. HP: 19/26 MP: 0/0
   925 | D:1      | Learned a level 1 spell: Sandblast
  1557 | D:2      | Reached skill level 1 in Fighting
  1782 | D:2      | Reached XP level 4. HP: 32/32 MP: 0/0
  2288 | D:2      | Noticed Robin
  2296 | D:2      | Killed Robin
  2297 | D:2      | Reached XP level 5. HP: 14/37 MP: 0/0
  2297 | D:2      | Learned a level 2 spell: Blink
  2687 | D:2      | Found a runed translucent door.
  2688 | D:2      | Noticed Crazy Yiuf
  2967 | D:2      | Killed Crazy Yiuf
  2968 | D:2      | Reached skill level 4 in Spellcasting
  3077 | D:3      | You are sucked into a shaft and drop 2 floors!
  3077 | D:5      | Entered Level 5 of the Dungeon
  3079 | D:5      | Found a sand-covered staircase.
  3083 | D:5      | Noticed an ice beast
  3085 | D:5      | Found Xicredust's Lightly-Used Armoury.
  3090 | D:5      | Slain by an ice beast

Illustrated notes

Levels and vault maps discovered:
D:1:      erik_arrival_blinker_ship, layout_loops_cross, minmay_tetromino_l2
D:2:      layout_basic, amcnicky_mini_rare_corridor_liquid, uniq_robin,
          uniq_crazy_yiuf_cottage
D:3:      layout_basic, chequers_ecumenical_altar_island, st_stairs_12
D:5:      layout_basic, nicolae_ossuary_entry_ruins, hellmonk_bongcloud_opening,
          minmay_misc_feat_chi, minmay_shop_damaged, minmay_misc_feat_pillars

Skill      XL: |  1  2  3  4  5 |
---------------+----------------+-----
Spellcasting   | 3 4 |  4.1
Fighting       | 1 |  1.4
Stealth        | 2 |  2.0
Dodging        | |  2.2

Action                   |  1- 3 |  4- 6 || total
-------------------------+-------+-------++-------
Melee: Dagger            |     4 |     5 ||     9
 Cast: Foxfire           |    46 |    41 ||    87
       Scorch            |    12 |    10 ||    22
Armor: Robe              |     2 |       ||     2
Dodge: Dodged            |     8 |     4 ||    12

Table legend: (Time is in decaauts)
 A = Elapsed time spent in this place.
 B = Non-inter-level travel time spent in this place.
 C = Inter-level travel time spent in this place.
 D = Time resting spent in this place.
 E = Time spent auto-exploring this place.
 F = Levels seen in this place.
 G = Mean time per level.
                   A        B        C        D        E       F      G
               +--------+--------+--------+--------+--------+-----+--------+
         Total |   3087 |   3013 |     74 |      0 |   2738 |   4 |  771.8 |
       Dungeon |   3087 |   3013 |     74 |      0 |   2738 |   4 |  771.8 |
               +--------+--------+--------+--------+--------+-----+--------+

Top non-repeatable levels by time:
     D:2: 1588 daAuts
     D:1: 1449 daAuts
     D:3: 37 daAuts
     D:5: 12 daAuts
